 Dungeon Crawl Stone Soup version 0.26-a0-668-gd58323b419 (webtiles) character file.

Game seed: 200558252544529327

417 marklar909 the Skirmisher (level 7, -1/55 HPs)
             Began as a Formicid Abyssal Knight on Oct 19, 2020.
             Was a Believer of Lugonu.
             Slain by an elf zombie (4 damage)
             ... in an ossuary.
             The game lasted 00:05:05 (4847 turns).

marklar909 the Skirmisher (Formicid Abyssal Knight) Turns: 4847, Time: 00:05:06

Health: -1/55      AC:  4    Str: 18    XL:     7   Next: 15%
Magic:  8/8        EV: 11    Int: 11    God:    Lugonu [**....]
Gold:   231        SH:  0    Dex: 11    Spells: 6/6 levels left

rFire    . . .     SeeInvis +   a - +1 mace
rCold    . . .     Faith    .   (no shield)
rNeg     . . .     Spirit   .   b - +1 leather armour
rPois    .         Reflect  .   (helmet unavailable)
rElec    .         Harm     .   (no cloak)
rCorr    .         Rampage  .   (no gloves)
MR       .....                  (no boots)
Stlth    +.........             (no amulet)
HPRegen  0.18/turn              (no ring)
MPRegen  0.11/turn              (no ring)

@: no status effects
A: permanent stasis, dig shafts and tunnels, four strong arms, antennae 3
a: Dig, Shaft Self, Depart the Abyss, Bend Space, Renounce Religion


You were in an ossuary.
You worshipped Lugonu.
Lugonu was pleased with you.
You visited 1 branch of the dungeon, and saw 4 of its levels.
You visited the Abyss 1 time.
You also visited: Ossuary.

You collected 231 gold pieces.

Inventory:

Hand Weapons
 a - a +1 mace (weapon)
Missiles
 g - 18 poisoned darts (quivered)
Armour
 b - a +1 leather armour (worn)
Jewellery
 c - an uncursed ring of ice {unknown}
Wands
 p - a wand of random effects (23)
Scrolls
 d - 3 scrolls of enchant armour
 e - 2 scrolls of identify
 f - 4 scrolls of remove curse
 h - 3 scrolls of magic mapping {unknown}
 k - 4 scrolls of teleportation {unknown}
 n - 3 scrolls of amnesia {unknown}
 r - a scroll of noise {unknown}
 u - 3 scrolls of fog {unknown}
 w - 3 scrolls of enchant weapon {unknown}
Potions
 i - a potion of haste {unknown}
 j - a potion of berserk rage {unknown}
 m - 2 potions of stabbing
 o - 2 potions of brilliance
 q - 2 potions of lignification {unknown}
 s - a potion of mutation {unknown}
 t - a potion of flight {unknown}
 v - 3 potions of degeneration {unknown}


   Skills:
 + Level 4.5 Fighting
 + Level 4.4 Maces & Flails
 + Level 3.2 Throwing
 + Level 3.2 Armour
 + Level 1.6 Dodging
 + Level 1.4 Stealth
 + Level 2.4 Invocations


You had 6 spell levels left.
You didn't know any spells.
Your spell library contained the following spells:

 Spells                   Type           Power        Failure   Level
 Magic Dart               Conj           #...         38%         1
 Searing Ray              Conj           #.....       54%         2
 Dazzling Flash           Conj/Hex       #.....       77%         3
 Fulminant Prism          Conj/Hex       #.........   99%         4
 Iskenderun's Mystic Bla  Conj/Tloc      #.......     99%         4


Dungeon Overview and Level Annotations

Branches:
Dungeon (4/15)             Temple (0/1) D:4         Ossuary (1/1)

Altars:
Elyvilon
Gozag
Okawaru


Innate Abilities, Weirdness & Mutations

You cannot be hasted, slowed, berserked, paralysed or teleported.
You can dig through walls and to a lower floor.
Your four strong arms can wield two-handed weapons with a shield.
You have a pair of large antennae on your head. (SInv)


Message History

* * * LOW HITPOINT WARNING * * *
You closely miss the elf zombie.
The elf zombie is almost destroyed.
The elf zombie hits you.
* * * LOW HITPOINT WARNING * * *
Unknown command.
Okay, then.
Okay, then.
You feel better. The elf zombie hits you.
* * * LOW HITPOINT WARNING * * *
As you read the scroll of identify, it crumbles to dust.
m - 2 potions of stabbing
As you read the scroll of identify, it crumbles to dust.
o - 2 potions of brilliance The elf zombie hits you!
* * * LOW HITPOINT WARNING * * *
As you read the scroll labeled LITHRUS DOMI, it crumbles to dust.
You feel blessed for a moment.
It was a scroll of remove curse.
The elf zombie hits you.
You die...

{.....{ ... #.# #'#
###.### #####
##.....## ##...##
#.......# #.....#
##...∩...###.....##
+...∩∩∩...'...Z@..#
##...∩...###.....##
#.......# #.....#
##.....## ##...##
###.### ##### #'#
#.# .{. {...Z.{


You could see an elf zombie.

Vanquished Creatures
  An elf zombie (Ossuary)
  4 human zombies (Ossuary)
  Jessica (D:2)
  Natasha (thrice) (D:2)
  A worker ant (D:4)
  A mummy (Ossuary)
  An adder (D:4)
  4 worms
  3 dart slugs
  2 orcs
  3 bats
  2 giant cockroaches
  8 goblins
  7 hobgoblins
  2 jackals
  3 quokkas
  A ball python (D:3)
  8 frilled lizards
  5 kobolds
  A quokka skeleton (D:4)
  9 rats
70 creatures vanquished.

Notes
Turn   | Place    | Note
-------+----------+-------------------------------------------
     0 | Abyss:1  | marklar909 the Formicid Abyssal Knight began the quest for
                  | the Orb.
     0 | Abyss:1  | Reached XP level 1. HP: 18/18 MP: 2/2
    43 | Abyss:1  | Noticed a quasit
    83 | Abyss:2  | Noticed a worldbinder
    84 | Abyss:2  | Noticed a yaktaur
    85 | D:1      | Escaped the Abyss
   177 | D:1      | Reached * piety under Lugonu
   349 | D:1      | Reached XP level 2. HP: 22/24 MP: 3/3
   381 | D:1      | Reached skill level 1 in Dodging
   816 | D:1      | Reached XP level 3. HP: 30/30 MP: 4/4
  1266 | D:2      | Noticed Jessica
  1273 | D:2      | Killed Jessica
  1273 | D:2      | Reached ** piety under Lugonu
  1273 | D:2      | Reached XP level 4. HP: 37/37 MP: 5/5
  1425 | D:2      | Found an opulent altar of Gozag.
  1459 | D:2      | Found a white marble altar of Elyvilon.
  1577 | D:2      | Noticed Natasha
  1584 | D:2      | Killed Natasha
  1584 | D:2      | Reached skill level 1 in Throwing
  1691 | D:2      | Reached XP level 5. HP: 42/42 MP: 6/6
  2064 | D:2      | Noticed Natasha
  2073 | D:2      | Killed Natasha
  2387 | D:2      | Noticed Natasha
  2400 | D:2      | Killed Natasha
  2400 | D:2      | Reached skill level 1 in Stealth
  3400 | D:4      | Found a staircase to the Ecumenical Temple.
  3451 | D:4      | Found an iron altar of Okawaru.
  3502 | D:4      | Found a sand-covered staircase.
  3532 | D:4      | Reached XP level 6. HP: 39/48 MP: 7/7
  3650 | Ossuary  | Entered an ossuary
  4443 | Ossuary  | Reached XP level 7. HP: 16/55 MP: 8/8
  4846 | Ossuary  | HP: 2/55 [elf zombie (7)]
  4847 | Ossuary  | Slain by an elf zombie

Illustrated notes

Levels and vault maps discovered:
D:1:      minmay_arrival_wavy_path, layout_loops_corners, minmay_lizard_pond
D:2:      layout_rooms, elyvilon_altar_1, grunt_gozag_statues, uniq_natasha,
          uniq_jessica
D:3:      layout_basic, serial_glass, glass_columns_a, glass_columns_c,
          glass_columns_c, glass_columns_c, glass_columns_a, glass_columns_b,
          glass_columns_a, glass_columns_b
D:4:      layout_rooms, temple_pool_b, nicolae_ossuary_entry_monument,
          okawaru_metal_pillars_1_2, uniq_eustachio
Ossuary:  ossuary_minmay_four_chambers

Skill      XL: |  1  2  3  4  5  6 |
---------------+-------------------+-----
Dodging        | 1 |  1.6
Fighting       | 4 |  4.5
Maces & Flails | 3 4 |  4.4
Throwing       | 1 2 3 |  3.2
Stealth        | 1 |  1.4
Armour         | 3 |  3.2
Invocations    | |  2.4

Action                   |  1- 3 |  4- 6 |  7- 9 || total
-------------------------+-------+-------+-------++-------
Melee: Mace              |    66 |   166 |    50 ||   282
Throw: Dart              |    27 |    75 |       ||   102
Invok: Depart the Abyss  |     1 |       |       ||     1
  Use: Scroll            |     1 |       |     4 ||     5
       Potion            |       |       |     3 ||     3
Armor: Leather armour    |    20 |    27 |     5 ||    52
Dodge: Dodged            |    42 |    77 |    22 ||   141

Table legend: (Time is in decaauts)
 A = Elapsed time spent in this place.
 B = Non-inter-level travel time spent in this place.
 C = Inter-level travel time spent in this place.
 D = Time resting spent in this place.
 E = Time spent auto-exploring this place.
 F = Levels seen in this place.
 G = Mean time per level.
                   A        B        C        D        E       F      G
               +--------+--------+--------+--------+--------+-----+--------+
         Total |   4911 |   4649 |    262 |   1139 |   2703 |   7 |  701.6 |
       Dungeon |   3598 |   3336 |    262 |    235 |   2621 |   4 |  899.5 |
         Abyss |     87 |     87 |      0 |      0 |     28 |   2 |   43.5 |
       Ossuary |   1225 |   1225 |      0 |    904 |     53 |   1 | 1225.0 |
               +--------+--------+--------+--------+--------+-----+--------+

Top non-repeatable levels by time:
     D:2: 1383 daAuts
 Ossuary: 1225 daAuts
     D:1: 1021 daAuts
     D:3: 939 daAuts
     D:4: 254 daAuts
 Abyss:1: 50 daAuts
 Abyss:2: 36 daAuts
